 Dungeon Crawl Stone Soup version 0.22.1-2-g9c5b331 (webtiles) character file.

75 Yuikono the Skirmisher (level 4, -1/41 HPs)
             Began as a Hill Orc Abyssal Knight on Nov 29, 2018.
             Was a Believer of Lugonu.
             Slain by a gnoll
             ... wielding a +0 flail of protection
              (7 damage)
             ... on level 2 of the Dungeon.
             The game lasted 00:04:22 (1724 turns).

Yuikono the Skirmisher (Hill Orc Abyssal Knight)    Turns: 1724, Time: 00:04:23

Health: -1/41      AC:  4    Str: 15    XL:     4   Next: 31%
Magic:  4/5        EV: 11    Int: 12    God:    Lugonu [**....]
Gold:   85         SH:  0    Dex:  7    Spells: 3/3 levels left

rFire    . . .     SeeInvis .   a - +1 hand axe
rCold    + + +     Gourm    .   (no shield)
rNeg     . . .     Faith    .   b - +0 leather armour
rPois    .         Spirit   .   g - +0 helmet of the Were-rabbit {*Corrode rC+++ Dex-3 Stlth+}
rElec    .         Reflect  .   (no cloak)
rCorr    .         Harm     .   (no gloves)
MR       .....                  (no boots)
Stlth    ++........             (no amulet)
HPRegen  0.13/turn              (no ring)
MPRegen  0.09/turn              (no ring)

@: no status effects
A: no striking features
a: Depart the Abyss, Bend Space, Renounce Religion


You were on level 2 of the Dungeon.
You worshipped Lugonu.
Lugonu was pleased with you.
You were hungry.

You visited 1 branch of the dungeon, and saw 2 of its levels.
You visited the Abyss 1 time.

You collected 85 gold pieces.

Inventory:

Hand Weapons
 a - a +1 hand axe (weapon)
Missiles
 h - 5 curare-tipped needles
 j - a stone (quivered)
Armour
 b - a +0 leather armour (worn)
 g - the +0 helmet of the Were-rabbit (worn) {*Corrode rC+++ Dex-3 Stlth+}
   (You took it off Robin on level 2 of the Dungeon)

   It affects your dexterity (-3).
   It renders you almost immune to cold.
   It may corrode you when you take damage.
   It makes you more stealthy.
Scrolls
 d - a scroll of identify {unknown}
 f - 3 scrolls of amnesia {unknown}
 k - a scroll of remove curse {unknown}
Potions
 e - a potion of ambrosia {unknown}
 i - a potion of agility {unknown}
 l - 2 potions of mutation {unknown}
 m - a potion of curing {unknown}
 n - a potion of might {unknown}
Comestibles
 c - 2 rations


   Skills:
 + Level 4.5 Fighting
 + Level 4.0 Axes
 + Level 3.3 Armour
 - Level 0.7 Dodging
 - Level 2.4 Invocations


You had 3 spell levels left.
You didn't know any spells.
Your spell library was empty.

Dungeon Overview and Level Annotations

Branches:
Dungeon (2/15)

Altars:


Message History

You barely miss the gnoll.
The gnoll is heavily wounded.
You hit the gnoll.
You kill the gnoll!
Lugonu accepts your kill.
A gnoll comes into view.
The gnoll misses you.
The gnoll shouts!
You hit the gnoll but do no damage.
The gnoll is heavily wounded.
The gnoll hits you with a flail of protection.
* * * LOW HITPOINT WARNING * * *
Space bends around you!
You blink.
You hit the gnoll.
The gnoll is almost dead.
The gnoll closely misses you.
You hit the gnoll but do no damage.
The gnoll is almost dead.
The gnoll hits you with a flail of protection!
You die...

### #.###############
#g...............
######g###############
#....@.......
#############


You could see 2 gnolls.

Vanquished Creatures
  Robin (D:2)
  An adder (D:2)
  A gnoll (D:2)
  A dart slug (D:1)
  2 leopard geckos (D:1)
  5 goblins
  12 hobgoblins
  4 jackals (D:2)
  4 bats
  3 kobolds
  4 rats
38 creatures vanquished.

Notes
Turn   | Place    | Note
-------+----------+-------------------------------------------
     0 | Abyss:1  | Yuikono the Hill Orc Abyssal Knight began the quest for the
                  | Orb.
     0 | Abyss:1  | Reached XP level 1. HP: 19/19 MP: 2/2
    63 | D:1      | Escaped the Abyss
   164 | D:1      | Reached XP level 2. HP: 16/27 MP: 3/3
   603 | D:1      | Reached ** piety under Lugonu
  1084 | D:2      | Reached XP level 3. HP: 32/33 MP: 4/4
  1162 | D:2      | Noticed Robin
  1179 | D:2      | Killed Robin
  1192 | D:2      | Reached XP level 4. HP: 9/41 MP: 5/5
  1471 | D:2      | Got a translucent helmet
  1483 | D:2      | Identified the +0 helmet of the Were-rabbit {*Corrode rC+++
                  | Dex-3 Stlth+} (You took it off Robin on level 2 of the
                  | Dungeon)
  1724 | D:2      | Slain by a gnoll

Skill      XL: |  1  2  3  4 |
---------------+-------------+-----
Axes           | 3 4 |  4.0
Fighting       | 4 |  4.5
Armour         | 3 |  3.3
Dodging        | |  0.7
Invocations    | |  2.4

Action                   |  1- 3 |  4- 6 || total
-------------------------+-------+-------++-------
Melee: Hand axe          |    86 |    50 ||   136
Throw: Stone             |       |     1 ||     1
Invok: Bend Space        |       |     1 ||     1
  Eat: Chunk             |       |     2 ||     2
Armor: Leather armour    |    25 |    17 ||    42
Dodge: Dodged            |    70 |    29 ||    99
